 Dungeon Crawl Stone Soup version 0.29-a0-384-g6960b1960d (webtiles) character file.

Game seed: 6548419633405464806

67 NinjaNoafa the Covered (level 3, 0/33 HPs)
             Began as a Minotaur Fighter on May 6, 2022.
             Slain by Natasha (7 damage)
             ... on level 2 of the Dungeon.
             The game lasted 00:01:28 (1282 turns).

NinjaNoafa the Covered (Minotaur Fighter)           Turns: 1282, Time: 00:01:28

Health: 0/33       AC:  8    Str: 22    XL:     3   Next: 98%
Magic:  2/2        EV:  9    Int:  5    God:
Gold:   89         SH:  4    Dex:  9    Spells: 2/2 levels left

rFire   . . .      SeeInvis .   a - +0 war axe
rCold   . . .      Faith    .   c - +0 buckler
rNeg    . . .      Spirit   .   b - +0 scale mail
rPois   .          Reflect  .   (helmet restricted)
rElec   .          Harm     .   (no cloak)
rCorr   .          Rampage  .   l - +0 pair of gloves
Will    .....                   (no boots)
Stlth   ..........              (no amulet)
HPRegen 0.11/turn               (no ring)
MPRegen 0.08/turn               (no ring)

@: mighty, slowed, very slow
A: horns 2, retaliatory headbutt
a: no special abilities


You were on level 2 of the Dungeon.
You visited 1 branch of the dungeon, and saw 2 of its levels.

You collected 89 gold pieces.

Inventory:

Hand Weapons
 a - a +0 war axe (weapon)
Missiles
 p - 3 datura-tipped darts (quivered)
Armour
 b - a +0 scale mail (worn)
 c - a +0 buckler (worn)
 l - a +0 pair of gloves (worn)
Scrolls
 h - 2 scrolls of identify {unknown}
 j - a scroll of summoning {unknown}
 k - a scroll of poison {unknown}
 m - a scroll of amnesia {unknown}
Potions
 e - 3 potions of curing {unknown}
 f - a potion of ambrosia {unknown}
 g - a potion of lignification {unknown}
 i - a potion of haste {unknown}
 n - a potion of berserk rage {unknown}
 o - a potion of degeneration {unknown}


   Skills:
 + Level 4.2 Fighting
 + Level 3.3 Axes
 + Level 4.3 Armour
 + Level 4.3 Shields


You had 2 spell levels left.
You didn't know any spells.
Your spell library was empty.

Dungeon Overview and Level Annotations

Branches:
Dungeon (2/15)

Altars:

Annotations:
D:2 Natasha


Innate Abilities, Weirdness & Mutations

You have a pair of horns on your head.
You reflexively headbutt those who attack you in melee.


Message History

Natasha casts a spell at you.
You feel yourself slow down. Natasha closely misses you.
You barely miss Natasha. You block Natasha's attack. Natasha barely misses you.
You hit Natasha but do no damage. Natasha claws you.
Natasha casts a spell.
You closely miss Natasha. Your headbutt misses Natasha. Natasha claws you.
Natasha claws you but does no damage.
You closely miss Natasha. Natasha barely misses you. You furiously retaliate!
You headbutt Natasha! Natasha claws you but does no damage.
The crimson imp blinks!
You barely miss Natasha.
Natasha is heavily wounded.
Natasha casts a spell at you. The magic dart hits you!
Natasha stares at you and mumbles some strange words.
You feel as though you will be slow longer.
The crimson imp blinks!
You closely miss Natasha.
Natasha is heavily wounded.
You hit the crimson imp. Natasha claws you. The crimson imp hits you.
Natasha barely misses you. The crimson imp closely misses you.
You furiously retaliate!
You headbutt the crimson imp! You closely miss Natasha.
Your headbutt misses Natasha.
Natasha is heavily wounded.
You miss the crimson imp. Natasha claws you but does no damage.
The crimson imp completely misses you. You block Natasha's attack.
The crimson imp hits you but does no damage.
You barely miss Natasha.
Natasha is heavily wounded.
You miss the crimson imp. Natasha claws you.
* * * LOW HITPOINT WARNING * * *
The crimson imp hits you but does no damage.
Natasha barely misses you. You block the crimson imp's attack.
You feel very mighty all of a sudden. Natasha barely misses you.
The crimson imp blinks!
You barely miss Natasha.
Natasha is heavily wounded.
Natasha claws you!
You die...

#.........#####
#.#######.....# #.#
#.###.# #########.#
#.### #.........#
#.†.# #.###.###.#
#.#.# #.# #.# #.#
#.#.# #.# #.#
#.#######.#.# #.# #.#
#.....h@..#.#
#.###.###.###.#####.#
###### #(.....##.# #
.. ...... #..###.##.#
.# ...... #..# #.#
###### #..###.# ##
#......# .# ##.
#..†..## .# #####.#
####..# .#### ..
.......


You could see Natasha.

Vanquished Creatures
  A gnoll (D:1)
  2 adders (D:2)
  2 endoplasms (D:2)
  3 giant cockroaches
  7 goblins
  A hobgoblin (D:1)
  A quokka (D:1)
  4 ball pythons
  3 bats (D:1)
  4 frilled lizards
  6 kobolds
  6 rats
40 creatures vanquished.

Notes
Turn   | Place    | Note
-------+----------+-------------------------------------------
     0 | D:1      | NinjaNoafa the Minotaur Fighter began the quest for the
                  | Orb.
     0 | D:1      | Reached XP level 1. HP: 19/19 MP: 0/0
   149 | D:1      | Reached XP level 2. HP: 27/27 MP: 1/1
   267 | D:1      | Found a faded altar of an unknown god.
   269 | D:1      | Noticed an eye of devastation
   269 | D:1      | Noticed a floating eye
   271 | D:1      | Noticed a golden eye
   271 | D:1      | Noticed a floating eye
   291 | D:1      | Reached XP level 3. HP: 33/33 MP: 2/2
  1270 | D:2      | Noticed Natasha
  1282 | D:2      | Slain by Natasha

Illustrated notes

Levels and vault maps discovered:
D:1:      dpeg_arrival_connections, layout_basic,
          hellmonk_ecumenical_altar_watching_god
D:2:      layout_loops_ring, chequers_garden, chequers_avenue,
          mrwooster_statue_mirror, uniq_natasha

Skill      XL: |  1  2 |
---------------+-------+-----
Shields        | 4 |  4.3
Fighting       | 4 |  4.2
Armour         | 4 |  4.3
Axes           | 3 |  3.3

Action                   || total
-------------------------++-------
Melee: War axe           ||    79
       Headbutt          ||     8
  Use: Potion            ||     1
Armor: Scale mail        ||    33
Dodge: Dodged            ||    53
Block: Buckler           ||    21

Table legend: (Time is in decaauts)
 A = Elapsed time spent in this place.
 B = Non-inter-level travel time spent in this place.
 C = Inter-level travel time spent in this place.
 D = Time resting spent in this place.
 E = Time spent auto-exploring this place.
 F = Levels seen in this place.
 G = Mean time per level.
                   A        B        C        D        E       F      G
               +--------+--------+--------+--------+--------+-----+--------+
         Total |   1319 |   1314 |      5 |      0 |   1058 |   2 |  659.5 |
       Dungeon |   1319 |   1314 |      5 |      0 |   1058 |   2 |  659.5 |
               +--------+--------+--------+--------+--------+-----+--------+

Top non-repeatable levels by time:
     D:2: 669 daAuts
     D:1: 649 daAuts
